 Dungeon Crawl Stone Soup version 0.29-a0-234-g0dae59b3db (webtiles) character file.

Game seed: 13645042910154506789

25560 drugrobin the Severer (level 12, -3/112 HPs)
             Began as a Demigod Fighter on Mar 4, 2022.
             Slain by a four-headed hydra (11 damage)
             ... on level 2 of the Lair of Beasts.
             The game lasted 00:56:22 (25363 turns).

drugrobin the Severer (Demigod Fighter)            Turns: 25363, Time: 00:56:23

Health: -3/112     AC: 17    Str: 29    XL:     12   Next: 54%
Magic:  15/15      EV: 11    Int: 14    God:
Gold:   588        SH:  4    Dex: 13    Spells: 11/11 levels left

rFire   . . .      SeeInvis .   G - +3 scimitar (flame)
rCold   . . .      Faith    .   w - +0 buckler
rNeg    . . .      Spirit   .   L - +0 plate armour
rPois   .          Reflect  .   (no helmet)
rElec   .          Harm     .   Y - +1 cloak
rCorr   .          Rampage  .   j - +2 pair of gloves
Will    +....                   (no boots)
Stlth   ..........              W - amulet of regeneration
HPRegen 1.08/turn               Q - +4 ring of evasion
MPRegen 0.14/turn               H - ring of wizardry

@: no status effects
A: high MP 1, forlorn, divine attributes
a: no special abilities


You were on level 2 of the Lair of Beasts.
You visited 2 branches of the dungeon, and saw 14 of its levels.
You also visited: Ossuary.

You collected 900 gold pieces.
You spent 312 gold pieces at shops.

Inventory:

Hand Weapons
 a - a +1 vampiric war axe
 b - a +4 mace
 c - a +0 spear of venom
 G - a +3 scimitar of flaming (weapon)
Missiles
 y - 15 boomerangs (quivered)
 M - 2 curare-tipped darts
 O - 36 poisoned darts
Armour
 j - a +2 pair of gloves (worn)
 w - a +0 buckler (worn)
 L - a +0 plate armour (worn)
 Y - a +1 cloak (worn)
Jewellery
 h - a ring of poison resistance
 x - a ring of fire
 H - a ring of wizardry (right hand)
 P - a ring of fire
 Q - a +4 ring of evasion (left hand)
 W - an amulet of regeneration (around neck)
Wands
 m - a wand of flame (11)
 J - a wand of acid (2)
 K - a wand of digging (7)
 R - a wand of paralysis (6)
 S - a wand of mindburst (6)
Scrolls
 f - 11 scrolls of teleportation
 i - 12 scrolls of enchant weapon {unknown}
 l - 2 scrolls of holy word {unknown}
 o - 5 scrolls of vulnerability {unknown}
 C - 6 scrolls of fear {unknown}
 I - a scroll of magic mapping
 N - 5 scrolls of fog
 V - a scroll of silence {unknown}
 X - a scroll of summoning
Potions
 d - 2 potions of resistance
 e - 3 potions of lignification
 g - 5 potions of curing
 n - 6 potions of attraction
 p - 3 potions of flight {unknown}
 r - 2 potions of cancellation {unknown}
 t - 2 potions of berserk rage {unknown}
 z - 2 potions of degeneration {unknown}
 A - 3 potions of heal wounds {unknown}
 B - 2 potions of ambrosia {unknown}
 D - 3 potions of brilliance {unknown}
 E - a potion of might
 F - a potion of haste {unknown}
 T - 3 potions of magic {unknown}
Miscellaneous
 U - a phial of floods (inert)


   Skills:
 + Level 12.0 Fighting
 - Level 16.0 Axes
 + Level 4.5 Armour
 - Level 2.6 Shields


You had 11 spell levels left.
You didn't know any spells.
Your spell library contained the following spells:

 Spells                   Type           Power      Damage    Failure   Level
 Animate Skeleton         Necr           0%         N/A       82%         1
 Apportation              Tloc           0%         N/A       82%         1
 Summon Small Mammal      Summ           0%         N/A       82%         1
 Static Discharge         Conj/Air       0%         N/A       91%         2
 Tukima's Dance           Hex            0%         N/A       99%         3
 Anguish                  Hex/Necr       0%         N/A       100%        4
 Dispel Undead            Necr           0%         3d6       100%        4
 Passage of Golubria      Tloc           0%         N/A       100%        4
 Sticky Flame             Conj/Fire      0%         2d3       100%        4
 Summon Lightning Spire   Summ/Air       0%         N/A       100%        4
 Alistair's Intoxication  Tmut/Pois      0%         N/A       100%        5
 Borgnjor's Vile Clutch   Necr/Erth      0%         N/A       100%        5
 Yara's Violent Unravell  Hex/Tmut       0%         3d3       100%        5
 Eringya's Noxious Bog    Tmut/Pois      0%         N/A       100%        6
 Enfeeble                 Hex            0%         N/A       100%        7
 Storm Form               Tmut/Air       0%         N/A       100%        7
 Maxwell's Capacitive Co  Air            0%         ∞         100%        8


Dungeon Overview and Level Annotations

Branches:
Dungeon (12/15)            Temple (0/1) D:5            Lair (2/6) D:10
    Orc (0/2) D:11        Ossuary (visited)
  Swamp: Lair:2-4    Shoals: Lair:2-4     Snake: Lair:2-4    Spider: Lair:2-4

Shops:
D:1 =   D:2 *   D:8 *   D:11 [

Annotations:
D:2 Sigmund
D:4 Blork the orc
D:7 2 transporters, drugrobin's ghost, novice DgFi
Lair:2 exclusion: oklob plant


Innate Abilities, Weirdness & Mutations

You have an increased reservoir of magic. (+10% MP)
You shall have no god before yourself.
Your divine heritage dramatically boosts your attributes as you level up.


Message History

The five-headed hydra is lightly wounded.
The five-headed hydra barely misses you.
The five-headed hydra bites you but does no damage. x2
The five-headed hydra bites you!
The five-headed hydra completely misses you.
The five-headed hydra bites you!
The five-headed hydra bites you but does no damage. x3
The five-headed hydra bites you.
You barely miss the five-headed hydra.
The five-headed hydra is lightly wounded.
You block the five-headed hydra's attack.
The five-headed hydra bites you!
The five-headed hydra bites you but does no damage.
The five-headed hydra bites you!
* * * LOW HITPOINT WARNING * * *
The five-headed hydra bites you.
* * * LOW HITPOINT WARNING * * *
You chop one of the five-headed hydra's heads off!
The flame cauterises the wound!
You slash the four-headed hydra! You burn the four-headed hydra.
The four-headed hydra is lightly wounded.
The four-headed hydra bites you but does no damage.
The four-headed hydra barely misses you.
The four-headed hydra bites you but does no damage.
The four-headed hydra bites you.
* * * LOW HITPOINT WARNING * * *
Unknown command.
Unknown command.
Unknown command.
The four-headed hydra barely misses you.
The four-headed hydra bites you!
* * * LOW HITPOINT WARNING * * *
The four-headed hydra bites you!
* * * LOW HITPOINT WARNING * * *
The four-headed hydra bites you but does no damage.
You see here an elephant skeleton.
The four-headed hydra bites you.
* * * LOW HITPOINT WARNING * * *
The four-headed hydra bites you!
You die...

#.............##.#..
##...(.........##...
##.....<......##.#..
#.....÷.......####..
##.............##P..
#..................
#...##P###.........
#.D.#### #.........
#.@..# #...#.#...
##...## #...###P..
#....# #...# #P..
#P...# #...# ##..
##...# #...# #..[
#...## #...####..
#....# #....##...
#....# #....###..
#....#####....##...


You could see a four-headed hydra.

Vanquished Creatures
  Harold (Lair:1)
  2 hydras
  A two-headed ogre (D:9)
  A centaur warrior (D:10)
  A boulder beetle (D:12)
  Erica (Lair:1)
  An ugly thing (D:12)
  A deep elf pyromancer (D:11)
  A cyclops (D:12)
  6 elephants (Lair:2)
  4 cane toads
  A gargoyle (D:10)
  An unseen horror (D:12)
  4 komodo dragons
  2 kobold demonologists
  A rime drake (Lair:2)
  7 trolls
  A hornet (D:8)
  3 slime creatures
  3 wraiths
  A shadow (D:10)
  A wyvern (D:11)
  A vampire (D:7)
  14 yaks
  2 steam dragons (D:8)
  10 vampire mosquitoes
  5 water moccasins
  Duvessa (D:4)
  10 orc warriors
  2 ice beasts
  4 black bears
  3 centaurs
  11 wolves
  7 kobold brigands
  9 bullfrogs
  3 gnoll sergeants
  13 scorpions
  Dowan (D:4)
  3 wights (D:7)
  6 killer bees (D:9)
  9 howler monkeys
  2 centaur zombies (Ossuary)
  9 hounds
  3 human zombies (Ossuary)
  Crazy Yiuf (D:3)
  A gnoll shaman (D:2)
  10 orc priests
  2 jellies (D:5)
  5 iguanas
  Jessica (D:3)
  4 scorpion zombies (Ossuary)
  8 orc wizards
  4 mummies
  8 adders
  29 gnolls
  A shadow imp (D:7)
  2 white imps
  2 ufetubi
  A worm (D:4)
  2 dart slugs
  35 orcs
  5 ball pythons
  6 bats
  4 endoplasms
  4 giant cockroaches
  4 hobgoblins
  7 jackals
  3 quokkas
  A frilled lizard (D:2)
  2 gnoll zombies (Ossuary)
  2 goblins
  2 goblin zombies (Ossuary)
  A hobgoblin zombie (Ossuary)
  23 kobolds
  5 kobold zombies
  2 orc zombies (Ossuary)
  4 rats
364 creatures vanquished.

Vanquished Creatures (others)
  6 fungi
  35 plants
41 creatures vanquished.

Grand Total: 405 creatures vanquished

Notes
Turn   | Place    | Note
-------+----------+-------------------------------------------
     0 | D:1      | drugrobin the Demigod Fighter began the quest for the Orb.
     0 | D:1      | Reached XP level 1. HP: 18/18 MP: 3/3
    71 | D:1      | Found Naetoas's Jewellery Boutique.
    73 | D:1      | Reached skill level 2 in Axes
   138 | D:1      | Reached XP level 2. HP: 22/25 MP: 4/4
   748 | D:2      | Found Fung's General Store.
   755 | D:2      | Bought a scroll of identify for 24 gold pieces
   908 | D:2      | Reached XP level 3. HP: 31/31 MP: 5/5
   950 | D:2      | Reached skill level 3 in Axes
  1736 | D:2      | Noticed Sigmund
  1807 | D:2      | Bought a potion of invisibility for 96 gold pieces
  1953 | D:3      | Reached XP level 4. HP: 26/38 MP: 6/6
  1958 | D:3      | Noticed Jessica
  1971 | D:3      | Killed Jessica
  2315 | D:3      | Reached skill level 4 in Axes
  2315 | D:3      | Reached XP level 5. HP: 46/46 MP: 7/7
  2844 | D:3      | Found a runed translucent door.
  2845 | D:3      | Noticed Crazy Yiuf
  3013 | D:4      | Noticed Dowan
  3014 | D:4      | Noticed Duvessa
  3036 | D:4      | Killed Duvessa
  3037 | D:4      | Reached skill level 5 in Axes
  3037 | D:4      | Reached XP level 6. HP: 19/52 MP: 8/8
  3039 | D:4      | Killed Dowan
  3789 | D:4      | Reached skill level 6 in Axes
  4116 | D:4      | Noticed Blork the orc
  4214 | D:5      | Entered Level 5 of the Dungeon
  4240 | D:5      | Reached skill level 5 in Fighting
  4240 | D:5      | Reached XP level 7. HP: 61/61 MP: 9/9
  5040 | D:5      | Reached skill level 7 in Axes
  5052 | D:5      | Found a staircase to the Ecumenical Temple.
  5707 | D:6      | Noticed a two-headed ogre
  5732 | D:6      | HP: 2/62 [two-headed ogre/+0 giant spiked club (6)]
  5847 | D:7      | Reached XP level 8. HP: 16/70 MP: 10/10
  6042 | D:7      | Reached skill level 8 in Axes
  6104 | D:6      | Found a sand-covered staircase.
  6140 | Ossuary  | Entered an ossuary
  7148 | Ossuary  | Reached skill level 9 in Axes
  7606 | Ossuary  | Reached XP level 9. HP: 56/79 MP: 11/11
  8742 | D:6      | Reached skill level 10 in Axes
 11324 | D:7      | Reached skill level 11 in Axes
 11911 | D:7      | Found a transporter.
 11946 | D:7      | Found a transporter.
 11946 | D:7      | Noticed drugrobin's ghost (novice DgFi)
 11950 | D:7      | Noticed a toenail golem
 12291 | D:3      | Killed Crazy Yiuf
 13460 | D:7      | You fall into a shaft and drop 2 floors!
 13675 | D:8      | Reached XP level 10. HP: 67/90 MP: 13/13
 13825 | D:8      | Paralysed by a hornet for 2 turns
 14974 | D:7      | Noticed a toenail golem
 15149 | D:8      | Reached skill level 12 in Axes
 15326 | D:8      | Found Goiluyss's Sacrilege Store.
 15410 | D:8      | Bought a +1 vampiric war axe for 192 gold pieces
 17224 | D:9      | Noticed a two-headed ogre
 17342 | D:9      | Killed a two-headed ogre
 18416 | D:9      | Reached skill level 13 in Axes
 18876 | D:10     | Entered Level 10 of the Dungeon
 18897 | D:10     | Reached XP level 11. HP: 73/97 MP: 14/14
 19299 | D:10     | Found a staircase to the Lair.
 19342 | D:10     | Noticed a centaur warrior
 19365 | D:10     | Killed a centaur warrior
 20791 | D:11     | Reached skill level 10 in Fighting
 21159 | D:11     | Found a staircase to the Orcish Mines.
 21480 | D:11     | Found Ytzump's Armour Shoppe.
 21631 | D:11     | Noticed a deep elf pyromancer
 21649 | D:11     | Killed a deep elf pyromancer
 21650 | D:11     | Reached skill level 14 in Axes
 22090 | D:12     | Noticed a six-headed hydra
 22130 | D:12     | Killed a six-headed hydra
 22416 | D:12     | Noticed a boulder beetle
 22431 | D:12     | Killed a boulder beetle
 23313 | Lair:1   | Entered Level 1 of the Lair of Beasts
 23442 | Lair:1   | Noticed Erica
 23577 | Lair:1   | Killed Erica
 23578 | Lair:1   | Reached skill level 15 in Axes
 23578 | Lair:1   | Reached XP level 12. HP: 110/110 MP: 15/15
 23939 | Lair:1   | Noticed Harold
 23972 | Lair:1   | Killed Harold
 24849 | Lair:2   | Noticed a five-headed hydra
 24888 | Lair:1   | Killed a one-headed hydra
 25078 | Lair:2   | Reached skill level 16 in Axes
 25214 | Lair:2   | Noticed a six-headed hydra
 25363 | Lair:2   | Slain by a four-headed hydra

Illustrated notes

Levels and vault maps discovered:
D:1:      lightli_arrival_maybe_door_vault, layout_rooms, serial_shops, shop
D:2:      layout_basic, basic_ecumenical_altar, serial_shops,
          nicolae_shop_hallway_stairs, serial_aquarium, aquarium_bridge_square
          [aquarium_subvault_balcony, aquarium_subvault_wall,
          aquarium_subvault_bridge, aquarium_subvault_bridge],
          aquarium_bridge_island_small [aquarium_subvault_small_open,
          aquarium_subvault_bridge, aquarium_subvault_window,
          aquarium_subvault_balcony, aquarium_subvault_bridge],
          aquarium_window_1, aquarium_window_2, aquarium_window_1,
          aquarium_window_fake, aquarium_view_2a, aquarium_pool_corner,
          uniq_sigmund
D:3:      layout_basic, uniq_crazy_yiuf_cottage, uniq_jessica
D:4:      layout_loops_ring, uniq_blork_the_orc, uniq_duvessa
D:5:      layout_basic, hangedman_ru_absence, minmay_temple_entry_sparse_star,
          serial_bayou, serial_bayou_lagoon_a, serial_bayou_ford_a,
          serial_bayou_pond_e, serial_bayou_pond_c
D:6:      layout_basic, nicolae_ossuary_entry_giza, corexii_corridor_pit,
          nrook_mini_vaults, hangedman_abyss_or_decor_stagger,
          minmay_misc_feat_diagonals, minivault_1, minmay_quadrilaterals
D:7:      layout_loops_cross, gammafunk_ghost_abyssal_escape
D:8:      layout_basic, nicolae_evil_shop
D:9:      layout_stronghold, kennysheep_cluttered_room, st_stairs_14,
          chequers_mini_garden
D:10:     layout_basic, lair_entry_dummy
D:11:     layout_big_octagon, orc_david_3, minmay_librarian
D:12:     layout_roguey, nicolae_sif_muna_condensation
Lair:1:   layout_layer_cave, uniq_erica, uniq_harold
Lair:2:   layout_long_grid, chequers_serial_rivers_room_b

Skill      XL: |  1  2  3  4  5  6  7  8  9 10 11 12 |
---------------+-------------------------------------+-----
Axes           | 2 3 4 5 6 7 9 11 13 15 16 | 16.0
Fighting       | 3 4 5 7 8 9 11 12 | 12.0
Armour         | 3 4 |  4.5
Shields        | |  2.6

Action                   |  1- 3 |  4- 6 |  7- 9 | 10-12 || total
-------------------------+-------+-------+-------+-------++-------
Melee: War axe           |   141 |    35 |    41 |   608 ||   825
       Mace              |       |    68 |   449 |    97 ||   614
       Unarmed           |       |       |     4 |       ||     4
       Spear             |       |       |       |    48 ||    48
       Short sword       |       |       |       |     3 ||     3
       Scimitar          |       |       |       |    18 ||    18
Throw: Dart              |    13 |     4 |    29 |    20 ||    66
       Boomerang         |       |    17 |    33 |    25 ||    75
       Throwing net      |       |       |       |     1 ||     1
Evoke: Wand              |       |       |     1 |    17 ||    18
       Phial of floods   |       |       |       |     1 ||     1
  Use: Scroll            |     2 |     1 |     6 |     4 ||    13
       Potion            |       |     1 |     3 |     2 ||     6
 Stab: Invisible         |       |       |     2 |     3 ||     5
Armor: Scale mail        |    71 |    44 |   170 |       ||   285
       Skin              |       |       |    16 |       ||    16
       Plate armour      |       |       |    19 |   352 ||   371
       Troll leather arm |       |       |       |    20 ||    20
Dodge: Dodged            |    58 |    51 |   201 |   357 ||   667
Block: Buckler           |    45 |    15 |   110 |   155 ||   325

Table legend: (Time is in decaauts)
 A = Elapsed time spent in this place.
 B = Non-inter-level travel time spent in this place.
 C = Inter-level travel time spent in this place.
 D = Time resting spent in this place.
 E = Time spent auto-exploring this place.
 F = Levels seen in this place.
 G = Mean time per level.
                   A        B        C        D        E       F      G
               +--------+--------+--------+--------+--------+-----+--------+
         Total |  25558 |  24470 |   1088 |   9109 |   8996 |  15 | 1703.9 |
       Dungeon |  21975 |  20936 |   1039 |   7697 |   7878 |  12 | 1831.2 |
          Lair |   1880 |   1832 |     48 |    328 |    936 |   2 |  940.0 |
       Ossuary |   1702 |   1702 |      0 |   1084 |    181 |   1 | 1702.0 |
               +--------+--------+--------+--------+--------+-----+--------+

Top non-repeatable levels by time:
     D:6: 3458 daAuts
     D:8: 2543 daAuts
     D:5: 2387 daAuts
    D:10: 2225 daAuts
     D:9: 2031 daAuts
     D:7: 1732 daAuts
 Ossuary: 1702 daAuts
     D:3: 1682 daAuts
     D:4: 1641 daAuts
    D:12: 1476 daAuts
  Lair:1: 1321 daAuts
     D:2: 1247 daAuts
    D:11: 851 daAuts
     D:1: 695 daAuts
  Lair:2: 559 daAuts
